 Dungeon Crawl Stone Soup version 0.30.1-4-g462c640d31 (webtiles) character file.

Game seed: 7313301244704465537

846 lonewolfV2 the Chopper (level 7, -3/55 HPs)
             Began as a Demonspawn Fighter on Aug 23, 2023.
             Was an Initiate of Okawaru.
             Slain by an ogre
             ... wielding a +0 giant spiked club
              (30 damage)
             ... on level 5 of the Dungeon.
             The game lasted 00:06:37 (3814 turns).

lonewolfV2 the Chopper (Demonspawn Fighter)         Turns: 3814, Time: 00:06:37

Health: -3/55      AC:  7    Str: 19    XL:     7   Next: 68%
Magic:  7/7        EV: 10    Int:  9    God:    Okawaru [......]
Gold:   192        SH:  5    Dex: 12    Spells: 6/6 levels left

rFire   . . .        a - +0 war axe
rCold   . . .        c - +0 buckler
rNeg    . . .        b - +0 scale mail
rPois   .            (no helmet)
rElec   .            (cloak unavailable)
rCorr   .            (no gloves)
SInv    .            (no boots)
Will    .....        m - amulet of regeneration Stlth
                     f - +4 ring of slaying
HPRegen 1.09/turn    (no ring)
MPRegen 0.10/turn

%: no passive effects
@: no status effects
A: demonic magic 1, weakness stinger 3
a: Renounce Religion


You were on level 5 of the Dungeon.
You worshipped Okawaru.
Okawaru was noncommittal.
You visited 2 branches of the dungeon, and saw 6 of its levels.

You collected 192 gold pieces.

Inventory:

Hand Weapons
 a - a +0 war axe (weapon)
Missiles
 q - a throwing net (quivered)
Armour
 b - a +0 scale mail (worn)
 c - a +0 buckler (worn)
Jewellery
 f - a +4 ring of slaying (left hand)
 m - an amulet of regeneration (around neck)
Wands
 s - a wand of flame (9)
Scrolls
 e - 3 scrolls of enchant weapon
 o - a scroll of fear
 r - a scroll of teleportation
Potions
 d - 2 potions of might
 g - a potion of degeneration {unknown}
 h - a potion of mutation
 i - a potion of lignification
 j - a potion of heal wounds
 k - 2 potions of magic {unknown}
 l - 2 potions of curing {unknown}
 n - a potion of cancellation
 t - a potion of flight {unknown}


   Skills:
 + Level 4.4 Fighting
 + Level 5.4 Axes
 + Level 4.2 Armour
 + Level 1.9 Dodging
 + Level 0.3 Stealth
 + Level 4.1 Shields


You had 6 spell levels left.
You didn't know any spells.
Your spell library contained the following spells:

 Spells                   Type           Power      Damage    Failure   Level
 Magic Dart               Conj           0%         1d3       82%         1
 Blink                    Tloc           0%         N/A       91%         2
 Cigotuvi's Dreadful Rot  Necr/Pois/Air  0%         N/A       91%         2
 Lesser Beckoning         Tloc           0%         N/A       91%         2
 Momentum Strike          Conj/Tloc      0%         3d8       91%         2
 Mephitic Cloud           Conj/Pois/Air  0%         N/A       99%         3
 Dispel Undead            Necr           0%         3d6       100%        4
 Call Imp                 Summ           Unusable   N/A       N/A         2
 Death Channel            Necr           Unusable   N/A       N/A         6

Dungeon Overview and Level Annotations

Branches:
Dungeon (5/15)             Temple (1/1) D:4

Altars:
Ashenzari
Cheibriados
Dithmenos
Fedhas
Gozag
Hepliaklqana
Kikubaaqudgha
Makhleb
Nemelex Xobeh
Okawaru
Qazlal
Ru
Sif Muna
Trog
Vehumet
Wu Jian
Xom
Yredelemnul


Innate Abilities, Weirdness & Mutations

Spells you cast may paralyse adjacent enemies.
You have a sharp stinger which inflicts weakening toxins.


Message History

You kneel at the altar of Okawaru.
There is a glowing silver altar of Zin here.
You kneel at the altar of Zin.
Zin does not accept worship from those such as you!
There is an iron altar of Okawaru here.
You kneel at the altar of Okawaru.
Okawaru welcomes you!
There is a glowing silver altar of Zin here.
There is a blossoming altar of Fedhas here.
There is a staircase back to the Dungeon here.
You climb upwards.
Welcome back to the Dungeon!
There is a staircase to the Ecumenical Temple here.
Things that are here:
a +0 ring mail; a +0 war axe
There is a stone staircase leading down here.
You climb downwards.
You hear the sound of rushing water.
There is an entrance to a sewer on this level.
Hurry and find it before the portal rusts away!
There is a stone staircase leading up here.
An ogre comes into view. It is wielding a +0 giant spiked club.
The ogre shouts!
An ogre is nearby!
An ogre is nearby!
Found 6 stones.
The ogre hits you with a +0 giant spiked club!
You barely miss the ogre.
Your tail-slap misses the ogre.
You hit the ogre.
Your tail-slap misses the ogre.
The ogre is lightly wounded.
The ogre barely misses you.
You slash the ogre!
The ogre is heavily wounded.
The ogre hits you with a +0 giant spiked club!
You barely miss the ogre.
The ogre is heavily wounded.
The ogre hits you with a +0 giant spiked club!
You barely miss the ogre.
The ogre is heavily wounded.
The ogre hits you with a +0 giant spiked club!!
Ouch! That really hurt!
You die...

..(.
...
...
..#
#.. #
#.##.#
#O...#
#@####
#..<.#
######


You could see an ogre.

Vanquished Creatures
  Sigmund (D:4)
  Duvessa (D:4)
  An ogre (D:3)
  A scorpion (D:3)
  Dowan (D:4)
  2 jellies
  3 hounds (D:4)
  3 orc wizards
  4 gnolls (D:3)
  4 adders
  5 dart slugs
  16 orcs
  6 endoplasms
  2 giant cockroaches
  5 goblins
  5 hobgoblins
  A quokka (D:3)
  10 ball pythons
  6 bats
  2 frilled lizards (D:2)
  4 kobolds
  9 rats
92 creatures vanquished.

Notes
Turn   | Place    | Note
-------+----------+-------------------------------------------
     0 | D:1      | lonewolfV2 the Demonspawn Fighter began the quest for the
                  | Orb.
     0 | D:1      | Reached XP level 1. HP: 18/18 MP: 1/1
   106 | D:1      | Gained mutation: You have a small tail. [demonic ancestry]
   106 | D:1      | Reached XP level 2. HP: 24/24 MP: 2/2
   607 | D:1      | Reached skill level 2 in Axes
   863 | D:1      | Gained mutation: You have a tail ending in a sharp stinger.
                  | [demonic ancestry]
   863 | D:1      | Reached XP level 3. HP: 29/29 MP: 3/3
  1369 | D:2      | Found a shimmering blue altar of Sif Muna.
  1635 | D:2      | Gained mutation: You have a sharp stinger which inflicts
                  | weakening toxins. [demonic ancestry]
  1635 | D:2      | Reached XP level 4. HP: 31/35 MP: 4/4
  1852 | D:3      | Noticed a scorpion
  1857 | D:3      | Killed a scorpion
  1858 | D:3      | Reached skill level 3 in Axes
  1892 | D:3      | Found a shadowy altar of Dithmenos.
  1901 | D:3      | Reached XP level 5. HP: 36/41 MP: 5/5
  1920 | D:3      | Found an opulent altar of Gozag.
  2011 | D:3      | Noticed an ogre
  2019 | D:3      | Killed an ogre
  2020 | D:3      | Reached skill level 1 in Dodging
  2076 | D:3      | Reached XP level 6. HP: 30/47 MP: 6/6
  2123 | D:3      | Found a faded altar of an unknown god.
  2251 | D:3      | Reached skill level 4 in Axes
  2665 | D:4      | Found a radiant altar of Vehumet.
  2689 | D:4      | Found a staircase to the Ecumenical Temple.
  2710 | D:4      | Noticed Duvessa
  2712 | D:4      | Noticed Dowan
  2727 | D:4      | Killed Duvessa
  2728 | D:4      | Gained mutation: Spells you cast may paralyse adjacent
                  | enemies. [demonic ancestry]
  2728 | D:4      | Reached XP level 7. HP: 43/54 MP: 7/7
  2736 | D:4      | Killed Dowan
  2737 | D:4      | Reached skill level 5 in Axes
  2926 | D:4      | Noticed Sigmund
  2961 | D:4      | Killed Sigmund
  3398 | D:4      | Found a basalt altar of Yredelemnul.
  3451 | Temple   | Entered the Ecumenical Temple
  3768 | Temple   | Became a worshipper of Warmaster Okawaru
  3806 | D:5      | Entered Level 5 of the Dungeon
  3814 | D:5      | Slain by an ogre

Illustrated notes

Levels and vault maps discovered:
D:1:      ebering_hopf_link, layout_basic, minmay_curled_crystal, minivault_4,
          dk_noncrumbling_4
D:2:      layout_loops_ring, basic_altar
D:3:      layout_rooms, mainiacjoe_overflow_boulevard, grunt_gozag_breadcrumbs,
          shapermc_ecumenical_altar_mp_ritualfount, grunt_ministairs_8
D:4:      layout_basic, vehumet_altar_wand_db, kennysheep_mini_moat,
          minmay_temple_entry_glass, chequers_decorated_corner,
          kennysheep_generic_room_11, uniq_sigmund, uniq_duvessa
D:5:      layout_basic, gup_sewer_entry_bowl, corexii_checkpoint_a,
          uniq_prince_ribbit1, uniq_grinder, uniq_blork_the_orc
Temple:   minmay_crystal_spiral_temple

Skill      XL: |  1  2  3  4  5  6  7 |
---------------+----------------------+-----
Shields        | 3 4 |  4.1
Axes           | 2 3 4 5 |  5.4
Armour         | 3 4 |  4.2
Dodging        | 1 |  1.9
Fighting       | 4 |  4.4
Stealth        | |  0.3

Action                     |  1- 3 |  4- 6 |  7- 9 || total
---------------------------+-------+-------+-------++-------
  Melee: War axe           |    89 |    83 |    44 ||   216
         Tailslap          |     8 |    12 |     6 ||    26
    Use: Scroll            |     9 |       |     2 ||    11
         Potion            |       |     1 |       ||     1
 Armour: Scale mail        |    43 |    33 |    21 ||    97
  Dodge: Dodged            |    51 |    42 |    18 ||   111
  Block: Buckler           |    29 |    21 |     5 ||    55
